 Dungeon Crawl Stone Soup version 0.23-a0-703-gdf2d5e0dd9 (webtiles) character file.

713 Infinimo the Basher (level 7, -3/63 HPs)
             Began as a Minotaur Gladiator on Jan 13, 2019.
             Was a Follower of Okawaru.
             Slain by a bullfrog (5 damage)
             ... on level 6 of the Dungeon.
             The game lasted 00:04:39 (4389 turns).

Infinimo the Basher (Minotaur Gladiator)            Turns: 4389, Time: 00:04:39

Health: -3/63      AC:  4    Str: 25 (26) XL:     7   Next: 41%
Magic:  6/6        EV: 13    Int:  5 (7)  God:    Okawaru [*.....]
Gold:   232        SH:  0    Dex: 11      Spells: 6/6 levels left

rFire    . . .     SeeInvis +   a - +0 flail
rCold    . . .     Gourm    .   (no shield)
rNeg     . . .     Faith    .   b - +1 leather armour
rPois    .         Spirit   .   (helmet unavailable)
rElec    .         Reflect  .   (no cloak)
rCorr    .         Harm     .   (no gloves)
MR       .....                  (no boots)
Stlth    +.........             (no amulet)
HPRegen  0.20/turn              h - ring of see invisible
MPRegen  0.10/turn              o - +5 ring of strength

@: no status effects
A: retaliatory headbutt, horns 3, clever 1, deterioration 1, sturdy frame 1
a: Heroism, Renounce Religion


You were on level 6 of the Dungeon.
You worshipped Okawaru.
Okawaru was aware of your devotion.
You were not hungry.

You visited 1 branch of the dungeon, and saw 6 of its levels.

You collected 232 gold pieces.

Inventory:

Hand Weapons
 a - a +0 flail (weapon)
Missiles
 d - 3 throwing nets (quivered)
Armour
 b - a +1 leather armour (worn)
 c - a +0 hat
Jewellery
 h - a ring of see invisible (left hand)
 o - a +5 ring of strength (right hand)
Scrolls
 g - a scroll of remove curse {unknown}
 j - 3 scrolls of teleportation
 l - a scroll of fear {unknown}
 m - 4 scrolls of enchant armour
 q - 3 scrolls of identify
 r - a scroll of fog {unknown}
 s - a scroll of immolation {unknown}
 u - a scroll of blinking {unknown}
Potions
 e - a potion of degeneration {unknown}
 i - a potion of resistance
 k - 2 potions of mutation
 n - a potion of haste {unknown}
 p - 2 potions of berserk rage
 t - a potion of cancellation {unknown}
 v - 2 potions of curing {unknown}
Comestibles
 f - 9 rations


   Skills:
 + Level 6.0 Fighting
 * Level 8.9 Maces & Flails
 - Level 2.0 Throwing
 - Level 3.2 Dodging


You had 6 spell levels left.
You didn't know any spells.
Your spell library was empty.

Dungeon Overview and Level Annotations

Branches:
Dungeon (6/15)
 Temple: D:4-7

Altars:
Dithmenos
Gozag
Okawaru
Xom
The Shining One

Shops:
D:5 *


Innate Abilities, Weirdness & Mutations

You reflexively headbutt those who attack you in melee.
You have a pair of large horns on your head.
Your mind is acute. (Int +2)
Your body sometimes deteriorates upon taking damage.
Your movements are slightly less encumbered by armour. (ER -2)


Message History

Unknown command.
The centaur shoots an arrow.
The arrow hits you.
You see here an arrow.
The centaur shoots an arrow.
You see here an arrow.
The centaur shoots an arrow.
The arrow hits you.
A bullfrog comes into view.
The centaur shoots an arrow.
The arrow hits you!
* * * LOW HITPOINT WARNING * * *
Things that are here:
2 arrows; a +0 club The bullfrog croaks.
You hear a shout!
The centaur shoots an arrow.
You see here a +0 hand axe.
The centaur shoots an arrow.
The centaur shoots an arrow.
The arrow hits you!
* * * LOW HITPOINT WARNING * * *
Your body deteriorates!
You feel weakened. The bullfrog hits you.
You die...

#......# #......# ##
#### #....#######
#..#...##c...##....#
...................#####
........................
........†..z............
......†((z(z.@F.<.......
......(....z(...........
.##########+#####+###...
.


You could see a bullfrog, a centaur and 4 wights.

Vanquished Creatures
  A phantom (D:4)
  A centaur (D:5)
  2 howler monkeys
  A centaur skeleton (D:5)
  Ijyb (D:5)
  An iguana (D:4)
  2 orc wizards
  4 worker ants
  13 adders
  A shadow imp (D:4)
  An adder skeleton (D:4)
  4 worms
  4 leopard geckos
  10 orcs
  7 giant cockroaches
  5 goblins
  11 hobgoblins
  11 jackals
  A ball python (D:2)
  10 bats
  3 frilled lizards
  A giant cockroach zombie (D:5)
  12 kobolds
  2 rats (D:3)
109 creatures vanquished.

Vanquished Creatures (others)
  A scorpion (D:4)
  A howler monkey (D:4)
  A worker ant (D:4)
  2 adders (D:4)
  A leopard gecko (D:4)
  An orc (D:4)
  2 giant cockroaches (D:4)
  A rat (D:1)
10 creatures vanquished.

Grand Total: 119 creatures vanquished

Notes
Turn   | Place    | Note
-------+----------+-------------------------------------------
     0 | D:1      | Infinimo the Minotaur Gladiator began the quest for the
                  | Orb.
     0 | D:1      | Reached XP level 1. HP: 18/18 MP: 0/0
   381 | D:1      | Reached skill level 4 in Maces & Flails
   402 | D:1      | Reached XP level 2. HP: 25/25 MP: 1/1
  1064 | D:2      | Found a glowing golden altar of the Shining One.
  1100 | D:2      | Gained mutation: Your movements are slightly less
                  | encumbered by armour. (ER -2) [potion of mutation]
  1100 | D:2      | Gained mutation: Your body sometimes deteriorates upon
                  | taking damage. [potion of mutation]
  1100 | D:2      | Gained mutation: Your mind is acute. (Int +2) [potion of
                  | mutation]
  1100 | D:2      | Gained mutation: You have a pair of large horns on your
                  | head. [potion of mutation]
  1108 | D:2      | Reached XP level 3. HP: 19/31 MP: 2/2
  1249 | D:2      | Reached skill level 5 in Maces & Flails
  1479 | D:2      | Found a faded altar of an unknown god.
  1552 | D:2      | Reached XP level 4. HP: 38/38 MP: 3/3
  1713 | D:3      | Found an iron altar of Okawaru.
  1752 | D:3      | Became a worshipper of Warmaster Okawaru
  2202 | D:3      | Reached skill level 6 in Maces & Flails
  2596 | D:4      | Noticed a phantom
  2601 | D:4      | Reached XP level 5. HP: 40/46 MP: 4/4
  2603 | D:4      | Killed a phantom
  2624 | D:4      | Found a shimmering altar of Xom.
  2642 | D:4      | Reached * piety under Okawaru
  2642 | D:4      | Reached skill level 7 in Maces & Flails
  2642 | D:4      | Reached XP level 6. HP: 50/55 MP: 5/5
  2663 | D:4      | Reached skill level 5 in Fighting
  3475 | D:5      | Entered Level 5 of the Dungeon
  3513 | D:5      | Found an opulent altar of Gozag.
  3513 | D:5      | Found Gozag's Platinum Reserve.
  3574 | D:5      | Found a shadowy altar of Dithmenos.
  3628 | D:5      | Reached skill level 8 in Maces & Flails
  3628 | D:5      | Reached XP level 7. HP: 16/61 MP: 6/6
  3938 | D:5      | Noticed Ijyb
  3942 | D:5      | Killed Ijyb
  4389 | D:6      | HP: 2/63 [centaur/arrow (13)]
  4389 | D:6      | Slain by a bullfrog

Vault maps used:
D:1:      psy_arrival_whirlpool, lemuel_flame_loot_1
D:2:      lemuel_doored_altar, first_ration, chequers_ecumenical_altar_lobes,
          grunt_ministairs_14, minmay_small_reverse_x
D:3:      okawaru_gym_becter
D:4:      xom_confusion_cloud
D:5:      nicolae_gozag_zags_fifth_avenue, grunt_dithmenos_smoke, uniq_ijyb
D:6:      kiku_gazebo_garden_becter, lemuel_crystal_altar,
          minmay_temple_entry_crystal_x, uniq_menkaure, uniq_duvessa,
          uniq_grinder

Skill      XL: |  1  2  3  4  5  6  7 |
---------------+----------------------+-----
Maces & Flails | 4 5 6 7 8 |  8.9
Fighting       | 3 4 5 6 |  6.0
Throwing       | |  2.0
Dodging        | |  3.2

Action                   |  1- 3 |  4- 6 |  7- 9 || total
-------------------------+-------+-------+-------++-------
Melee: Flail             |    84 |   111 |    37 ||   232
       Headbutt          |    15 |    20 |     7 ||    42
  Use: Potion            |     4 |       |       ||     4
       Scroll            |       |     5 |       ||     5
  Eat: Chunk             |     2 |     7 |     2 ||    11
Armor: Leather armour    |    25 |    28 |     9 ||    62
Dodge: Dodged            |    69 |    97 |    45 ||   211

Table legend:
 A = Non-vault XP
 B = Vault XP
 C = Vault XP percentage of total XP
 D = Non-vault monster count
 E = Vault monster count
 F = Vault count percentage of total count
                 A         B        C        D         E       F
            +---------+---------+-------+---------+---------+-------
      Total |     966 |      53 |   5.2 |     101 |       8 |   7.3
            +---------+---------+-------+---------+---------+-------
        D:1 |      35 |       0 |   0.0 |      20 |       0 |   0.0
        D:2 |      57 |      12 |  17.4 |      16 |       6 |  27.3
        D:3 |      89 |       0 |   0.0 |      21 |       0 |   0.0
        D:4 |     432 |       3 |   0.7 |      22 |       1 |   4.3
        D:5 |     287 |      38 |  11.7 |      14 |       1 |   6.7
        D:6 |      66 |       0 |   0.0 |       8 |       0 |   0.0
            +---------+---------+-------+---------+---------+-------
